 Dungeon Crawl Stone Soup version 0.28-a0-1184-g53156a8862 (webtiles) character file.

Game seed: 6173617781480100858

11 siradein the Caller (level 2, -3/19 HPs)
             Began as a Vampire Summoner on Dec 17, 2021.
             Slain by a gnoll (9 damage)
             ... on level 1 of the Dungeon.
             The game lasted 00:01:57 (250 turns).

siradein the Caller (Vampire Summoner)               Turns: 250, Time: 00:01:57

Health: -3/19      AC:  3    Str:  7    XL:     2   Next: 13%
Magic:  4/5        EV: 11    Int: 17    God:
Gold:   25         SH:  0    Dex: 14    Spells: 4/5 levels left

rFire   . . .      SeeInvis +   a - +0 quarterstaff
rCold   . . .      Faith    .   (shield currently unavailable)
rNeg    . . .      Spirit   .   d - +0 leather armour
rPois   .          Reflect  .   (no helmet)
rElec   .          Harm     .   (no cloak)
rCorr   .          Rampage  .   (no gloves)
Will    .....                   (no boots)
Stlth   ++........              (no amulet)
HPRegen 0.26/turn               (no ring)
MPRegen 0.09/turn               (no ring)

@: healing quickly
A: alive, fangs 3, see invisible, vampiric 1
a: Exsanguinate


You were on level 1 of the Dungeon.
You visited 1 branch of the dungeon, and saw 1 of its levels.

You collected 25 gold pieces.

Inventory:

Hand Weapons
 a - a +0 quarterstaff (weapon)
 b - a +0 club
Armour
 d - a +0 leather armour (worn)
Potions
 c - 2 potions of curing {unknown}


   Skills:
 - Level 2.1 Dodging
 - Level 3.0 Stealth
 + Level 2.2 Spellcasting
 * Level 4.3 Summonings


You had 4 spell levels left.
You knew the following spells:

 Your Spells              Type           Power      Damage    Failure   Level
a - Summon Small Mammal   Summ           64%        N/A       4%          1

Your spell library contained the following spells:

 Spells                   Type           Power      Damage    Failure   Level
 Call Imp                 Summ           16%        N/A       7%          2
 Call Canine Familiar     Summ           16%        N/A       14%         3
 Summon Guardian Golem    Hex/Summ       9%         N/A       34%         3
 Summon Lightning Spire   Summ/Air       9%         N/A       75%         4


Dungeon Overview and Level Annotations

Branches:
Dungeon (1/15)

Altars:


Innate Abilities, Weirdness & Mutations

Your natural rate of healing is accelerated.
You have razor-sharp teeth.
You have supernaturally acute eyesight. (SInv)
You are afflicted with vampirism.


Message History

You barely miss the giant cockroach.
The giant cockroach is heavily wounded.
The giant cockroach bites you. x2
You hit the giant cockroach. You bite the giant cockroach.
The giant cockroach is almost dead.
The giant cockroach bites you.
There is an open door here.
The giant cockroach barely misses you. The giant cockroach bites you.
You closely miss the giant cockroach.
The giant cockroach is almost dead.
The giant cockroach closely misses you.
Your bat barely misses the giant cockroach.
The giant cockroach bites you.
You barely miss the giant cockroach.
The giant cockroach is almost dead.
The giant cockroach closely misses you.
You hit the giant cockroach.
You kill the giant cockroach!
You barely miss the goblin.
Your bat barely misses the goblin.
The goblin hits you with a +0 club.
You barely miss the goblin.
Your bat completely misses the goblin.
The goblin hits you with a +0 club. x2
You are too injured to fight recklessly!
You hit the goblin. Your bite misses the goblin.
The goblin is moderately wounded.
Your bat barely misses the goblin.
The goblin completely misses you.
You thump the goblin!
You kill the goblin!
The bat barely misses you.
Your bat misses the bat.
Your bat barely misses the bat.
The bat hits you but does no damage. The bat barely misses you.
You barely miss the bat. The bat closely misses you.
Your bat hits the bat. The bat completely misses you.
Your bat barely misses the bat.
The bat barely misses you.
Your bat barely misses the gnoll.
The gnoll misses you.
You barely miss the bat.
The bat is moderately wounded.
The bat barely misses you. x2; The bat hits you.
The gnoll hits you with a +0 flail!
You die...

##### ######.<.######
###.............###
###g................#
#.)gb..........(....+
#.#b@...............#
##g###.............### #gb#
###.........### #########g##
###.....### #.......).#
###.........###
#.......######.............###
####.......##
#.......≈≈≈.....[.#
#...........#
#.....≈≈≈≈≈≈≈.....#
#.##.....(.##
#....≈≈≈≈≈≈≈≈≈....#


You could see a gnoll, a hobgoblin, a bat (ally target) and a friendly bat
(summoned).

Vanquished Creatures
  A giant cockroach (D:1)
  A goblin (D:1)
  A hobgoblin (D:1)
  A ball python (D:1)
  A bat (D:1)
  A frilled lizard (D:1)
6 creatures vanquished.

Vanquished Creatures (collateral kills)
  An endoplasm (D:1)
  A hobgoblin (D:1)
  A ball python (D:1)
  A goblin (D:1)
  A rat (D:1)
5 creatures vanquished.

Grand Total: 11 creatures vanquished

Notes
Turn   | Place    | Note
-------+----------+-------------------------------------------
     0 | D:1      | siradein the Vampire Summoner began the quest for the Orb.
     0 | D:1      | Reached XP level 1. HP: 13/13 MP: 3/3
   221 | D:1      | Reached XP level 2. HP: 19/19 MP: 3/5
   250 | D:1      | Slain by a gnoll

Illustrated notes

Levels and vault maps discovered:
D:1:      nzn_arrival_depleted_hourglass, layout_basic, basic_ecumenical_altar,
          lemuel_another_geyser

Action                   || total
-------------------------++-------
Melee: Club              ||    14
       Quarterstaff      ||    17
       Bite              ||     1
 Cast: Summon Small Mamm ||     7
Armor: Leather armour    ||    14
       Robe              ||     1
Dodge: Dodged            ||    42

Table legend: (Time is in decaauts)
 A = Elapsed time spent in this place.
 B = Non-inter-level travel time spent in this place.
 C = Inter-level travel time spent in this place.
 D = Time resting spent in this place.
 E = Time spent auto-exploring this place.
 F = Levels seen in this place.
 G = Mean time per level.
                   A        B        C        D        E       F      G
               +--------+--------+--------+--------+--------+-----+--------+
         Total |    258 |    258 |      0 |      6 |    118 |   1 |  258.0 |
       Dungeon |    258 |    258 |      0 |      6 |    118 |   1 |  258.0 |
               +--------+--------+--------+--------+--------+-----+--------+

Top non-repeatable levels by time:
     D:1: 258 daAuts
